 Dungeon Crawl Stone Soup version 0.30-a0-883-g5ad918d77d (webtiles) character file.

Game seed: 13078357287166938547

100 pokedragonboy the Grasshopper (level 4, 0/40 HPs)
             Began as a Naga Warper on Mar 17, 2023.
             Slain by a gnoll
             ... wielding a +0 club
              (5 damage)
             ... on level 3 of the Dungeon.
             The game lasted 00:04:59 (2641 turns).

pokedragonboy the Grasshopper (Naga Warper)         Turns: 2641, Time: 00:04:59

Health: 0/40       AC:  4    Str: 15    XL:     4   Next: 74%
Magic:  16/16      EV: 14    Int: 14    God:
Gold:   112        SH:  0    Dex: 10    Spells: 0/7 levels left

rFire   . . .      SeeInvis +    a - +0 spear
rCold   . . .      Faith    .    (no shield)
rNeg    . . .      Spirit   .    b - +0 leather armour
rPois   +          Reflect  .    (no helmet)
rElec   .          Rampage  .    m - +0 cloak
rCorr   .                        (no gloves)
Will    .....                    (no barding)
Stlth   +                        (no amulet)
HPRegen 0.26/turn                n - +5 ring of evasion
MPRegen 0.15/turn                v - ring of magical power

@: lethally poisoned (0 -> -3), short of breath, very slow
A: AC +1, large, see invisible, deformed body, poison resistance, slowness 2,
spit poison 1, naga tail 1
a: Spit Poison


You were on level 3 of the Dungeon.
You visited 1 branch of the dungeon, and saw 4 of its levels.

You collected 112 gold pieces.

Inventory:

Hand Weapons
 a - a +0 spear (weapon)
Missiles
 d - 7 boomerangs of dispersal
 p - 5 boomerangs
Armour
 b - a +0 leather armour (worn)
 m - a +0 cloak (worn)
 o - the +3 ring mail of Gallantry {Rampage rPois}
   (You found it on level 2 of the Dungeon)

   rPois:     It protects you from poison.
   Rampage:   It bestows one free step when moving towards enemies.
Magical Staves
 w - a staff of cold
Jewellery
 n - a +5 ring of evasion (left hand)
 v - a ring of magical power (right hand)
Wands
 u - a wand of roots (2)
Scrolls
 c - 2 scrolls of blinking
 h - a scroll of teleportation {unknown}
 j - a scroll of vulnerability {unknown}
 l - a scroll of noise {unknown}
 r - a scroll of butterflies {unknown}
 s - a scroll of amnesia {unknown}
 t - 2 scrolls of identify {unknown}
Potions
 e - 2 potions of curing {unknown}
 f - 2 potions of haste {unknown}
 g - 2 potions of flight {unknown}
 i - a potion of attraction {unknown}
 k - a potion of invisibility {unknown}
 q - a potion of brilliance {unknown}


   Skills:
 + Level 2.6 Fighting
 * Level 3.3 Polearms
 - Level 0.8 Throwing
 - Level 1.0 Armour
 + Level 2.2 Dodging
 - Level 2.0 Spellcasting
 + Level 3.5 Translocations


You couldn't memorise any spells.
You knew the following spells:

 Your Spells              Type           Power      Damage    Failure   Level
a - Lesser Beckoning      Tloc           22%        N/A       11%         2
b - Teleport Other        Tloc           11%        N/A       21%         3
m - Blink                 Tloc           22%        N/A       11%         2

Your spell library contained the following spells:

 Spells                   Type           Power      Damage    Failure   Level
 Vhi's Electric Charge    Tloc/Air       12%        N/A       38%         3
 Manifold Assault         Tloc           11%        N/A       56%         4
 Summon Guardian Golem    Hex/Summ       1%         N/A       65%         3
 Orb of Destruction       Conj           0%         9d5       100%        7
 Spellforged Servitor     Conj/Summ      0%         N/A       100%        7


Dungeon Overview and Level Annotations

Branches:
Dungeon (4/15)
 Temple: D:4-7

Altars:
Fedhas

Shops:
D:3 [


Innate Abilities, Weirdness & Mutations

Your serpentine skin is tough. (AC +1)
You have supernaturally acute eyesight. (SInv)
Armour fits poorly on your strangely shaped body.
Your system is resistant to poisons. (rPois)
You cover ground very slowly.
You can spit poison.
You have a snake-like lower body.


Message History

Things that are here:
a +0 spear; a gnoll corpse Done exploring.
There is a stone staircase leading down here.
You climb downwards.
The kobold hits you with a +1 dagger of venom.
There is a stone staircase leading up here.
The gnoll hits you with a +0 club. The kobold misses you.
You climb upwards.
There is a stone staircase leading down here.
You barely miss the gnoll. The gnoll hits you with a +0 club.
The kobold hits you but does no damage.
You barely miss the gnoll. The gnoll hits you but does no damage.
The kobold hits you with a +1 dagger of venom.
You barely miss the gnoll.
The gnoll shouts!
The gnoll hits you with a +0 club.
The kobold hits you with a +1 dagger of venom.
You are poisoned.
You hit the gnoll.
The gnoll is moderately wounded.
You feel sick. The gnoll hits you with a +0 club.
The kobold hits you with a +1 dagger of venom.
You are too injured to fight recklessly!
Unknown command.
Aiming: Spit Poison (1% risk of failure)
Press: ? - help, Q - select action, (/) - cycle Shift-Dir - straight line, f - kobold
Aim: a kobold, wielding a +1 dagger of venom (50% to hit)
The splash of poison misses the kobold.
You feel sick. The gnoll hits you with a +0 club.
* * * LOW HITPOINT WARNING * * *
The gnoll hits you from afar with a +0 spear.
* * * LOW HITPOINT WARNING * * *
The kobold hits you but does no damage.
Okay, then.
Okay, then.
Okay, then.
Okay, then.
You feel sick. The gnoll hits you with a +0 club.
You die...

#..................#
#..................# ######
#..................# .....##
##..)..............# ####†.####
##................# ..###....#
#÷.###...####.....#
.....###.#####.###K.#.# #.....#
................g>.##.####.#####
..PPPP..####....@..##.##...######
...............###g##..#.###.....
#....#.#..##.#####.###)#.##......
###..............#.......#.......
###.##.#.##.......####...#.......
.##.##.#.#.........###...........
.......#.#.#........#..###.......
..##.###.#.#.....................
...[.###.#.##.....#..#.##........


You could see 2 gnolls and a kobold.

Vanquished Creatures
  2 gnolls (D:3)
  An adder (D:2)
  2 worms
  A dart slug (D:1)
  An orc (D:3)
  2 endoplasms
  6 giant cockroaches
  5 goblins
  6 hobgoblins
  4 jackals (D:1)
  4 quokkas
  5 ball pythons
  4 bats
  5 frilled lizards
  7 kobolds
  4 rats
59 creatures vanquished.

Vanquished Creatures (others)
  A plant (D:3)
1 creature vanquished.

Grand Total: 60 creatures vanquished

Notes
Turn   | Place    | Note
-------+----------+-------------------------------------------
     0 | D:1      | pokedragonboy the Naga Warper began the quest for the Orb.
     0 | D:1      | Reached XP level 1. HP: 19/19 MP: 3/3
    93 | D:1      | Reached XP level 2. HP: 25/26 MP: 5/5
   366 | D:1      | Reached skill level 1 in Armour
   679 | D:1      | Reached XP level 3. HP: 28/32 MP: 6/6
  1010 | D:1      | Learned a level 2 spell: Blink
  1014 | D:1      | Learned a level 3 spell: Teleport Other
  1136 | D:2      | Identified the +3 ring mail of Gallantry {Rampage rPois}
  1873 | D:3      | Found Plog's Armour Boutique.
  1934 | D:3      | Found a blossoming altar of Fedhas.
  1944 | D:3      | Reached XP level 4. HP: 40/40 MP: 7/7
  1947 | D:3      | Learned a level 2 spell: Lesser Beckoning
  2378 | D:4      | Noticed a black bear
  2378 | D:4      | HP: 1/40 [black bear (4)]
  2641 | D:3      | Slain by a gnoll

Illustrated notes

Levels and vault maps discovered:
D:1:      nzn_arrival_depleted_hourglass, layout_basic
D:2:      layout_loops_ring
D:3:      layout_rooms, mainiacjoe_overflow_boulevard, serial_shops, shop,
          minmay_splitting_lines
D:4:      layout_rooms, ashenzari_conservatory_becter, temple_doors_e,
          nicolae_concentric_dashed_squares_mild, dreamdust_princess_bridge

Skill      XL: |  1  2  3 |
---------------+----------+-----
Armour         | 1 |  1.0
Dodging        | 2 |  2.2
Polearms       | 3 |  3.3
Fighting       | |  2.6
Throwing       | |  0.8
Spellcasting   | |  2.0
Translocations | |  3.5

Action                     |  1- 3 |  4- 6 || total
---------------------------+-------+-------++-------
  Melee: Spear             |   181 |    67 ||   248
   Cast: Blink             |       |     2 ||     2
Ability: Spit Poison       |     3 |     8 ||    11
    Use: Scroll            |     1 |     1 ||     2
   Stab: Sleeping          |     2 |       ||     2
 Armour: Leather armour    |    28 |    26 ||    54
  Dodge: Dodged            |    85 |    55 ||   140

Table legend: (Time is in decaauts)
 A = Elapsed time spent in this place.
 B = Non-inter-level travel time spent in this place.
 C = Inter-level travel time spent in this place.
 D = Time resting spent in this place.
 E = Time spent auto-exploring this place.
 F = Levels seen in this place.
 G = Mean time per level.
                   A        B        C        D        E       F      G
               +--------+--------+--------+--------+--------+-----+--------+
         Total |   3314 |   3153 |    161 |    188 |   2386 |   4 |  828.5 |
       Dungeon |   3314 |   3153 |    161 |    188 |   2386 |   4 |  828.5 |
               +--------+--------+--------+--------+--------+-----+--------+

Top non-repeatable levels by time:
     D:1: 1274 daAuts
     D:2: 1070 daAuts
     D:3: 962 daAuts
     D:4: 8 daAuts
